 Dungeon Crawl Stone Soup version 0.29.1-2-gbd0b4ee654 (webtiles) character file.

Game seed: 16316950124944992392

109 kingsuperguy the Trooper (level 4, -2/37 HPs)
             Began as a Demonspawn Abyssal Knight on Nov 15, 2022.
             Was a Believer of Lugonu.
             Slain by a gnoll
             ... wielding a +0 halberd
              (6 damage)
             ... on level 3 of the Dungeon.
             The game lasted 00:07:41 (2995 turns).

kingsuperguy the Trooper (DsAK)                     Turns: 2995, Time: 00:07:41

Health: -2/37      AC:  6    Str: 15    XL:     4   Next: 59%
Magic:  5/5        EV: 11    Int:  8    God:    Lugonu [**....]
Gold:   122        SH:  0    Dex: 14    Spells: 3/3 levels left

rFire   + . .      SeeInvis .   p - +3 flail (protect)
rCold   x . .      Faith    .   (no shield)
rNeg    . . .      Spirit   .   c - +1 ring mail of a Labyrinth {+Blink rPois Int-3 Stlth+}
rPois   +          Reflect  .   (no helmet)
rElec   .          Harm     .   (no cloak)
rCorr   .          Rampage  .   (no gloves)
Will    .....                   (no boots)
Stlth   +.........              (no amulet)
HPRegen 0.12/turn               g - ring of fire
MPRegen 0.09/turn               (no ring)

@: confused, brilliant, ambrosia-drunk
A: hooves 1, large bone plates 1
a: Renounce Religion, Evoke Blink, Depart the Abyss, Bend Space


You were on level 3 of the Dungeon.
You worshipped Lugonu.
Lugonu was pleased with you.
You visited 1 branch of the dungeon, and saw 3 of its levels.
You visited the Abyss 1 time.

You collected 122 gold pieces.

Inventory:

Hand Weapons
 a - a +1 falchion
 j - a +0 sling
 k - a +0 war axe
 p - a +3 flail of protection (weapon)
 r - a +2 dagger of venom
Missiles
 e - 3 boomerangs
 i - 23 stones
 l - 5 javelins
Armour
 b - a +0 leather armour
 c - the +1 ring mail of a Labyrinth (worn) {+Blink rPois Int-3 Stlth+}
   (You found it on level 2 of the Dungeon)

   Int:       It affects your intelligence (-3).
   rPois:     It protects you from poison.
   +Blink:    It lets you blink.
   Stlth:     It makes you more stealthy.
Jewellery
 g - a ring of fire (left hand)
Scrolls
 d - 5 scrolls of identify
 m - a scroll of immolation {unknown}
 n - a scroll of vulnerability {unknown}
 o - a scroll of magic mapping {unknown}
Potions
 f - a potion of flight {unknown}


   Skills:
 + Level 3.7 Fighting
 + Level 2.5 Long Blades
 * Level 0.1 Maces & Flails
 + Level 0.5 Ranged Weapons
 + Level 2.5 Armour
 + Level 1.5 Dodging
 + Level 0.4 Stealth
 + Level 0.5 Shields
 + Level 2.5 Invocations


You had 3 spell levels left.
You didn't know any spells.
Your spell library was empty.

Dungeon Overview and Level Annotations

Branches:
Dungeon (3/15)

Altars:


Innate Abilities, Weirdness & Mutations

You have large cloven feet.
You are partially covered in large bone plates. (SH +4)


Message History

You sock the gnoll! Your kick misses the gnoll.
The gnoll is almost dead.
You block the gnoll's attack. The gnoll closely misses you.
The gnoll hits you but does no damage.
You barely miss the gnoll.
The gnoll is almost dead.
The gnoll hits you but does no damage. The gnoll closely misses you.
The gnoll barely misses you.
An orc comes into view. It is wielding a +0 club.
The gnoll closely misses you. You block the gnoll's attack.
The gnoll barely misses you.
You barely miss the gnoll.
The gnoll is almost dead.
The gnoll hits you but does no damage. The gnoll closely misses you. x2
You closely miss the gnoll.
The gnoll is almost dead.
The gnoll hits you with a +0 flail! The gnoll barely misses you.
The gnoll hits you from afar with a +0 halberd.
You barely miss the gnoll. You kick the gnoll.
The gnoll is almost dead.
The gnoll hits you with a +0 flail!
The gnoll hits you from afar with a +0 halberd.
The gnoll closely misses you. x2; The gnoll misses you.
You block the gnoll's attack.
You completely miss the gnoll.
The gnoll is almost dead.
The gnoll misses you.
The gnoll hits you from afar with a +0 halberd!
* * * LOW HITPOINT WARNING * * *
The gnoll closely misses you.
You are confused.
You feel invigorated. The gnoll hits you but does no damage.
The gnoll hits you from afar with a +0 halberd.
* * * LOW HITPOINT WARNING * * *
The gnoll hits you from afar with a +0 halberd.
* * * LOW HITPOINT WARNING * * *
It was a potion of brilliance.
You feel clever all of a sudden.
The gnoll hits you from afar with a +0 halberd.
You die...

######.....###
#.....#
##....# #.##.#
#.##.# #.##)#
#.##)####
#.......#
#.#####@# #
#g#


#gg #oZ. #.... ...... ##)P... ...P.# You could see 3 gnolls, an orc and a ball
python zombie.

Vanquished Creatures
  A hound (D:2)
  Natasha (D:1)
  An adder (D:2)
  2 orcs (D:3)
  4 ball pythons
  2 endoplasms
  3 giant cockroaches (D:2)
  5 goblins
  3 hobgoblins (D:2)
  5 jackals (D:2)
  A quokka (D:1)
  5 bats
  A frilled lizard (D:2)
  A jackal skeleton (D:3)
  2 kobolds
  A quokka zombie (D:3)
  6 rats
44 creatures vanquished.

Vanquished Creatures (others)
  A withered plant (D:3)
1 creature vanquished.

Grand Total: 45 creatures vanquished

Notes
Turn   | Place    | Note
-------+----------+-------------------------------------------
     0 | Abyss:1  | kingsuperguy the Demonspawn Abyssal Knight began the quest
                  | for the Orb.
     0 | Abyss:1  | Reached XP level 1. HP: 18/18 MP: 2/2
     7 | Abyss:1  | Found a corrupted altar of Lugonu.
    13 | D:1      | Escaped the Abyss
   681 | D:1      | Found a faded altar of an unknown god.
   850 | D:2      | Gained mutation: You are partially covered in large bone
                  | plates. (SH +4) [demonic ancestry]
   850 | D:2      | Reached XP level 2. HP: 22/24 MP: 3/3
  1162 | D:2      | Reached skill level 1 in Dodging
  1323 | D:2      | Noticed Natasha
  1347 | D:2      | Noticed a crimson imp
  1598 | D:1      | Killed Natasha
  1599 | D:1      | Reached XP level 3. HP: 25/29 MP: 4/4
  1981 | D:2      | Gained mutation: You have large cloven feet. [demonic
                  | ancestry]
  1981 | D:2      | Reached XP level 4. HP: 22/37 MP: 5/5
  2119 | D:2      | Identified the +1 ring mail of a Labyrinth {+Blink rPois
                  | Int-3 Stlth+}
  2994 | D:3      | HP: 1/37 [gnoll/+0 halberd (5)]
  2995 | D:3      | Slain by a gnoll

Illustrated notes

Levels and vault maps discovered:
D:1:      saegor_arrival_miasma, layout_loops_cross,
          chequers_ecumenical_altar_lobes
D:2:      layout_basic, uniq_natasha
D:3:      layout_loops_ring, serial_undead, serial_undead_b, serial_undead_b,
          serial_undead_a, serial_undead_f, grunt_decor_cap

Skill      XL: |  1  2 |
---------------+-------+-----
Long Blades    | 2 |  2.5
Armour         | 2 |  2.5
Dodging        | 1 |  1.5
Fighting       | |  3.7
Maces & Flails | |  0.1
Ranged Weapons | |  0.5
Stealth        | |  0.4
Shields        | |  0.5
Invocations    | |  2.5

Action                   |  1- 3 |  4- 6 || total
-------------------------+-------+-------++-------
Melee: Falchion          |    94 |       ||    94
       Punch             |     1 |       ||     1
       Flail             |       |    16 ||    16
       Kick              |       |     4 ||     4
 Fire: Sling             |       |    41 ||    41
Invok: Depart the Abyss  |     1 |       ||     1
  Use: Potion            |     5 |     2 ||     7
       Scroll            |     2 |       ||     2
 Stab: Sleeping          |     1 |     1 ||     2
Armor: Leather armour    |    42 |       ||    42
       Ring mail         |       |    33 ||    33
Dodge: Dodged            |    86 |    37 ||   123
Block: Other             |    24 |    13 ||    37
